Map: Lerilak Crest

Players

IIIIIIIIIIII

  • Race: Protoss Protoss
  • League: Platinum

LilDicky - Winner!

  • Race: Terran Terran
  • League: Diamond

VOD

http://www.twitch.tv/tumescentpie

Description

Time

  • Played on: Nov. 26, 2015, 3:28 p.m.
  • Length: 9:06
Show
View Real Time Build Order
Export as new Build Order

IIIIIIIIIIII Protoss 

Build Orders: Oracle Opening 

Get SALT Encoding   

  12  0:05  Probe (Chrono Boost)  
  13  0:18  Probe (Chrono Boost)  
  14  0:29  Probe (Chrono Boost)  
  15  0:40  Pylon  
  15  0:58  Probe (Chrono Boost)  
  16  1:09  Probe (Chrono Boost)  
  17  1:12  Nexus  
  17  1:14  Gateway  
  17  1:20  Probe (Chrono Boost), Assimilator  
  18  1:30  Probe (Chrono Boost)  
  19  1:41  Probe (Chrono Boost)  
  19  1:44  Assimilator  
  20  1:52  Probe (Chrono Boost)  
  21  1:55  Pylon  
  21  2:03  Probe (Chrono Boost)  
  21  2:04  Cybernetics Core  
  22  2:19  Probe (Chrono Boost), Pylon  
  22  2:21  Zealot  
  25  2:28  Probe (Chrono Boost)  
  26  2:33  Probe (Chrono Boost)  
  27  2:47  Probe (Chrono Boost)  
  27  2:48  Probe (Chrono Boost)  
  29  2:51  Warp Gate (Chrono Boost)  
  29  2:56  Stargate  
  29  2:57  Probe  
  29  2:59  Probe  
  29  3:03  Stalker (Chrono Boost)  
  33  3:08  Probe  
  33  3:12  Mothership Core  
  36  3:18  Probe  
  36  3:24  Gateway  
  37  3:27  Pylon  
  37  3:29  Probe  
  38  3:43  Pylon  
  35  3:51  Forge  
  35  3:53  Probe  
  36  3:57  Oracle (Chrono Boost)  
  39  4:21  Probe x2  
  25  4:27  Photon Cannon  
  25  4:33  Probe  
  26  4:44  Photon Cannon  
  26  4:51  Probe  
  26  5:08  Oracle (Chrono Boost)  
  27  5:14  Probe  
  22  5:26  Stalker  
  22  5:27  Probe  
  23  5:45  Probe  
  23  5:47  Probe  
  25  6:02  Probe  
  26  6:04  Probe  
  27  6:12  Stalker  
  25  6:25  Probe  
  26  6:33  Probe  
  26  6:35  Mothership Core  
  29  6:42  Stalker  
  22  6:55  Probe  
  16  7:02  Probe  
  16  7:11  Pylon  
  16  7:12  Stalker  
  18  7:18  Probe  
  18  7:31  Probe  
  12  8:09  Probe  
Show
View Real Time Build Order
Export as new Build Order

LilDicky Terran - Winner!

Build Orders: MMM Bio 

Get SALT Encoding   

  12  0:01  SCV  
  13  0:13  SCV  
  14  0:17  Supply Depot  
  14  0:28  Refinery  
  14  0:30  SCV  
  15  0:42  SCV  
  16  0:46  Barracks  
  16  0:55  SCV  
  17  1:07  SCV  
  18  1:19  SCV  
  19  1:31  SCV  
  20  1:34  Supply Depot  
  20  1:55  Factory  
  20  1:58  SCV  
  21  2:09  Marine  
  21  2:13  Barracks  
  23  2:16  Orbital Command  
  23  2:19  Barracks  
  23  2:21  Refinery  
  22  2:27  Marine  
  23  2:41  SCV  
  24  2:49  Barracks Reactor  
  23  3:06  Barracks Tech Lab  
  23  3:07  Widow Mine  
  23  3:10  Barracks Tech Lab  
  23  3:11  SCV  
  26  3:14  Supply Depot  
  26  3:23  SCV  
  26  3:25  Marine  
  26  3:26  Stimpack  
  26  3:27  Marine x2  
  28  3:28  Combat Shields  
  28  3:29  Marine  
  31  3:36  SCV, Widow Mine  
  34  3:47  Marauder, Marine  
  34  3:48  Marauder  
  39  3:52  Marine  
  39  3:54  Supply Depot  
  40  4:03  SCV  
  40  4:20  Marine x2  
  40  4:21  Marauder  
  40  4:22  SCV  
  47  4:30  Starport  
  45  4:32  Widow Mine  
  45  4:34  SCV  
  48  4:39  Supply Depot  
  48  4:41  Marine  
  49  4:46  Marauder  
  48  5:10  Medivac  
  41  5:18  Marine  
  23  5:32  Marine  
  22  5:47  Marine x2  
  22  5:48  Marine  
  17  6:39  Marine  
  12  7:37  Marine x2  
  11  8:09  Marine x2  
  13  8:28  Marine x2  
Tags
 
Add a new tag
Caveats
  • Supply blocks, unpowered buildings, or Contaminate may cause inaccurate times.
  • Supply counts are checked every 10 seconds.